NYP
CONNECTICUT TIGERS @ VANCOUVER CANADIANS
05/02/2048
 
TOP OF THE 1ST
Connecticut Tigers batting - Pitching for Vancouver Canadians : RHP Manny Solis
Pitching: RHP Manny Solis
Batting: SHB Ian Arlotta 0-0: Called Strike
0-1: Foul Ball, location: 2F
0-2: Ball
1-2: Ground out 4-3 (Groundball, 4, EV 76.9 MPH)
Batting: RHB Zack DiCicco 0-0: Ground out 6-3 (Groundball, 6, EV 102.5 MPH)
Batting: LHB Nick Swank 0-0: Called Strike
0-1: Foul Ball, location: 2F
0-2: Strikes out swinging
Top of the 1st over - 0 runs, 0 hits, 0 errors, 0 left on base; Connecticut 0 - Vancouver 0
BOTTOM OF THE 1ST
Vancouver Canadians batting - Pitching for Connecticut Tigers : LHP Randolph Main
Pitching: LHP Randolph Main
Batting: RHB Kennet Strijbis 0-0: Called Strike
0-1: Ball
1-1: Swinging Strike
1-2: Fly out, F8 (Flyball, 8RD, EV 92.5 MPH)
Batting: RHB Carlos Renteria 0-0: Ball
1-0: Ball
2-0: Foul Ball, location: 2F
2-1: SINGLE (Line Drive, 4D, EV 95.6 MPH)
Batting: RHB Nikita Schram 0-0: Ball
Carlos Renteria is caught stealing 2nd base 2-4
1-0: Ball
2-0: Called Strike
2-1: SOLO HOME RUN (Line Drive, 78XD, EV 100.0 MPH), Distance : 406 ft
Batting: RHB Javier Garcia 0-0: Ground out 6-3 (Groundball, 6, EV 103.8 MPH)
Bottom of the 1st over - 1 run, 2 hits, 0 errors, 0 left on base; Connecticut 0 - Vancouver 1
TOP OF THE 2ND
Connecticut Tigers batting - Pitching for Vancouver Canadians : RHP Manny Solis
Batting: RHB Khalil Coleman 0-0: SINGLE (Groundball, 6D, EV 110.6 MPH)
Batting: RHB Jeremiah Washington 0-0: SINGLE (Groundball, 4MD, EV 96.2 MPH)
Khalil Coleman to second
Batting: RHB Tony Nunez 0-0: Foul Ball, location: 2F
0-1: Foul Ball, location: 2F
0-2: Ball
1-2: Strikes out swinging
Batting: RHB Kaleb Yerger 0-0: Ball
1-0: Ground out U3 (Groundball, 34S, EV 66.9 MPH)
Khalil Coleman to third
Jeremiah Washington to second
Batting: SHB Eisse Wijnja 0-0: Ball
1-0: Ball
2-0: Ball
3-0: Base on Balls
Batting: LHB Zach Rose 0-0: Foul Ball, location: 2F
0-1: Called Strike
0-2: Strikes out looking
Top of the 2nd over - 0 runs, 2 hits, 0 errors, 3 left on base; Connecticut 0 - Vancouver 1
BOTTOM OF THE 2ND
Vancouver Canadians batting - Pitching for Connecticut Tigers : LHP Randolph Main
Batting: LHB Devin Huber 0-0: Ball
1-0: Ball
2-0: SINGLE (Line Drive, 7S, EV 92.5 MPH)
Batting: RHB Norm Mercer 0-0: Ball
1-0: Foul Ball, location: 2F
1-1: Ball
2-1: Fly out, F7 (Line Drive, 78M, EV 106.2 MPH)
Batting: RHB Ricky Carbajal 0-0: Ball
1-0: 2-RUN HOME RUN (Flyball, 78XD, EV 100.0 MPH), Distance : 397 ft
Batting: RHB Dan Hilyer 0-0: Foul Ball, location: 2F
0-1: Called Strike
0-2: Ball
1-2: Foul Ball, location: 2F
1-2: Hit by Pitch
Batting: RHB Luis Vargas 0-0: Called Strike
0-1: DOUBLE (Flyball, 8RD, EV 88.1 MPH)
Dan Hilyer to third
Batting: RHB Kennet Strijbis 0-0: Ball
1-0: TRIPLE (Line Drive, 89XD, EV 106.9 MPH)
Dan Hilyer scores
Luis Vargas scores
Batting: RHB Carlos Renteria 0-0: Ball
1-0: Ball
2-0: Ball
3-0: Called Strike
3-1: Base on Balls
Batting: RHB Nikita Schram 0-0: Ball
1-0: SINGLE (Groundball, 56, EV 108.1 MPH) (infield hit)
Kennet Strijbis scores
Carlos Renteria to second
Pitching: RHP Andy Strange
Batting: RHB Javier Garcia 0-0: Called Strike
0-1: Foul Ball, location: 2F
0-2: Ball
1-2: Hit by Pitch
Carlos Renteria to third
Nikita Schram to second
Batting: LHB Devin Huber 0-0: Foul Ball, location: 2F
0-1: Called Strike
0-2: Ball
1-2: Strikes out swinging
Batting: RHB Norm Mercer 0-0: Ball
1-0: Foul Ball, location: 2F
1-1: Called Strike
1-2: SINGLE (Line Drive, 89S, EV 95.6 MPH)
Carlos Renteria scores
Nikita Schram to third
Javier Garcia to second
Runner from 3rd tries for Home, SAFE, throw by RF to home
Batting: RHB Ricky Carbajal 0-0: Foul Ball, location: 2F
0-1: Foul Ball, location: 2F
0-2: Ball
1-2: Ball
2-2: Strikes out looking
Bottom of the 2nd over - 7 runs, 6 hits, 0 errors, 2 left on base; Connecticut 0 - Vancouver 8
TOP OF THE 3RD
Connecticut Tigers batting - Pitching for Vancouver Canadians : RHP Manny Solis
Batting: SHB Ian Arlotta 0-0: Called Strike
0-1: Ball
1-1: Foul Ball, location: 2F
1-2: Strikes out looking
Batting: RHB Zack DiCicco 0-0: Ground out 6-3 (Groundball, 6, EV 78.1 MPH)
Batting: LHB Nick Swank 0-0: Ground out 4-3 (Groundball, 4S, EV 82.5 MPH)
Top of the 3rd over - 0 runs, 0 hits, 0 errors, 0 left on base; Connecticut 0 - Vancouver 8
BOTTOM OF THE 3RD
Vancouver Canadians batting - Pitching for Connecticut Tigers : RHP Andy Strange
Batting: RHB Dan Hilyer 0-0: Called Strike
0-1: Foul Ball, location: 2F
0-2: Fly out, F8 (Flyball, 89M, EV 86.2 MPH)
Batting: RHB Luis Vargas 0-0: Ball
1-0: Ball
2-0: Fly out, F9 (Line Drive, 9, EV 84.4 MPH)
Batting: RHB Kennet Strijbis 0-0: Called Strike
0-1: Swinging Strike
0-2: Foul Ball, location: 2F
0-2: Ball
1-2: Foul Ball, location: 2F
1-2: Foul Ball, location: 2F
1-2: Ball
2-2: Foul Ball, location: 2F
2-2: Foul Ball, location: 2F
2-2: Foul Ball, location: 2F
2-2: Foul Ball, location: 2F
2-2: Strikes out swinging
Bottom of the 3rd over - 0 runs, 0 hits, 0 errors, 0 left on base; Connecticut 0 - Vancouver 8
TOP OF THE 4TH
Connecticut Tigers batting - Pitching for Vancouver Canadians : RHP Manny Solis
Batting: RHB Khalil Coleman 0-0: Ground out 5-3 (Groundball, 56, EV 103.1 MPH)
Batting: RHB Jeremiah Washington 0-0: Ball
1-0: Ball
2-0: Foul Ball, location: 2F
2-1: Reached on error, E5 (Groundball, 56, EV 99.4 MPH)
Batting: RHB Tony Nunez 0-0: SINGLE (Line Drive, 3D, EV 99.4 MPH)
Jeremiah Washington to second
Batting: RHB Kaleb Yerger 0-0: Ball
1-0: Ball
2-0: Ball
3-0: Called Strike
3-1: Grounds into double play, 6-4-3 (Groundball, 6, EV 89.4 MPH)
Top of the 4th over - 0 runs, 1 hit, 1 error, 1 left on base; Connecticut 0 - Vancouver 8
BOTTOM OF THE 4TH
Vancouver Canadians batting - Pitching for Connecticut Tigers : RHP Andy Strange
Batting: RHB Carlos Renteria 0-0: Called Strike
0-1: Ball
1-1: Foul Ball, location: 2F
1-2: Foul Ball, location: 2F
1-2: Foul Ball, location: 2F
1-2: SINGLE (Line Drive, 9S, EV 103.1 MPH)
Batting: RHB Nikita Schram 0-0: Ball
1-0: Ball
2-0: Foul Ball, location: 2F
2-1: Swinging Strike
2-2: Grounds into double play, 4-6-3 (Groundball, 4MD, EV 95.0 MPH)
Batting: RHB Javier Garcia 0-0: Swinging Strike
0-1: Foul Ball, location: 2F
0-2: Ground out U3 (Groundball, 34S, EV 83.1 MPH)
Bottom of the 4th over - 0 runs, 1 hit, 0 errors, 0 left on base; Connecticut 0 - Vancouver 8
TOP OF THE 5TH
Connecticut Tigers batting - Pitching for Vancouver Canadians : RHP Manny Solis
Batting: SHB Eisse Wijnja 0-0: Foul Ball, location: 2F
0-1: Ground out U3 (Groundball, 34, EV 79.4 MPH)
Batting: LHB Zach Rose 0-0: Ball
1-0: Foul Ball, location: 2F
1-1: Fly out, F7 (Flyball, 78S, EV 85.6 MPH)
Batting: SHB Ian Arlotta 0-0: Called Strike
0-1: Swinging Strike
0-2: Strikes out looking
Top of the 5th over - 0 runs, 0 hits, 0 errors, 0 left on base; Connecticut 0 - Vancouver 8
BOTTOM OF THE 5TH
Vancouver Canadians batting - Pitching for Connecticut Tigers : RHP Andy Strange
Batting: LHB Devin Huber 0-0: Foul Ball, location: 2F
0-1: Ground out U3 (Groundball, 3S, EV 77.5 MPH)
Batting: RHB Norm Mercer 0-0: Called Strike
0-1: Foul Ball, location: 2F
0-2: Ball
1-2: Fly out, F8 (Flyball, 8LM, EV 88.8 MPH)
Pitching: RHP Juan Murillo
Batting: RHB Ricky Carbajal 0-0: Swinging Strike
0-1: Fly out, F3 (Popup, 3S, EV 71.9 MPH)
Bottom of the 5th over - 0 runs, 0 hits, 0 errors, 0 left on base; Connecticut 0 - Vancouver 8
TOP OF THE 6TH
Connecticut Tigers batting - Pitching for Vancouver Canadians : RHP Manny Solis
Batting: RHB Zack DiCicco 0-0: Called Strike
0-1: Ball
1-1: Ball
2-1: Foul Ball, location: 2F
2-2: Ground out 6-3 (Groundball, 6, EV 86.9 MPH)
Batting: LHB Nick Swank 0-0: Called Strike
0-1: Called Strike
0-2: Ball
1-2: Ball
2-2: Ball
3-2: Foul Ball, location: 2F
3-2: Strikes out swinging
Batting: RHB Khalil Coleman 0-0: Called Strike
0-1: Ball
1-1: Foul Ball, location: 2F
1-2: Foul Ball, location: 2F
1-2: Reached on error, E5 (Groundball, 56, EV 88.8 MPH)
Batting: RHB Jeremiah Washington 0-0: Ball
1-0: Ground out 3-1 (Groundball, 34S, EV 67.5 MPH)
Top of the 6th over - 0 runs, 0 hits, 1 error, 1 left on base; Connecticut 0 - Vancouver 8
BOTTOM OF THE 6TH
Vancouver Canadians batting - Pitching for Connecticut Tigers : RHP Juan Murillo
Batting: RHB Dan Hilyer 0-0: Swinging Strike
0-1: Swinging Strike
0-2: Ground out 6-3 (Groundball, 56D, EV 103.8 MPH)
Batting: RHB Luis Vargas 0-0: Swinging Strike
0-1: Ball
1-1: Swinging Strike
1-2: Foul Ball, location: 2F
1-2: Ball
2-2: Ball
3-2: Fly out, F3 (Line Drive, 3L, EV 70.6 MPH)
Batting: RHB Kennet Strijbis 0-0: Called Strike
0-1: Foul Ball, location: 2F
0-2: Ground out 6-3 (Groundball, 6, EV 93.8 MPH)
Bottom of the 6th over - 0 runs, 0 hits, 0 errors, 0 left on base; Connecticut 0 - Vancouver 8
TOP OF THE 7TH
Connecticut Tigers batting - Pitching for Vancouver Canadians : RHP Manny Solis
Pinch Hitting: RHB Billy Verdusco 0-0: Ground out 1-3 (Groundball, 34S, EV 67.5 MPH)
Pinch Hitting: RHB Juan Perez 0-0: Ball
1-0: Swinging Strike
1-1: Ground out 5-3 (Groundball, 15, EV 88.8 MPH)
Batting: SHB Eisse Wijnja 0-0: Called Strike
0-1: Foul Ball, location: 2F
0-2: Strikes out looking
Top of the 7th over - 0 runs, 0 hits, 0 errors, 0 left on base; Connecticut 0 - Vancouver 8
BOTTOM OF THE 7TH
Vancouver Canadians batting - Pitching for Connecticut Tigers : RHP Juan Murillo
Now in LF: Billy Verdusco
Now in RF: Janne Vihko
Batting: RHB Carlos Renteria 0-0: Called Strike
0-1: Ball
1-1: Ball
2-1: Called Strike
2-2: Ground out 5-3 (Groundball, 56, EV 88.1 MPH)
Pinch Hitting: RHB Gary Wilson 0-0: Called Strike
0-1: Ball
1-1: Called Strike
1-2: Ball
2-2: Ball
3-2: Strikes out swinging
Batting: RHB Javier Garcia 0-0: Called Strike
0-1: Ball
1-1: SINGLE (Groundball, 4MD, EV 103.8 MPH)
Pinch Hitting: RHB David Cooper 0-0: Called Strike
0-1: Called Strike
0-2: Strikes out swinging
Bottom of the 7th over - 0 runs, 1 hit, 0 errors, 1 left on base; Connecticut 0 - Vancouver 8
TOP OF THE 8TH
Connecticut Tigers batting - Pitching for Vancouver Canadians : RHP Manny Solis
Now at 1B: Gary Wilson
Now in RF: David Cooper
Batting: LHB Zach Rose 0-0: Ground out 5-3 (Groundball, 56, EV 109.4 MPH)
Pinch Hitting: RHB Yankel Pensak 0-0: Swinging Strike
0-1: SINGLE (Flyball, 5D, EV 87.5 MPH)
Pinch Hitting: RHB Gabe Higley 0-0: Reached on error, E2 (Groundball, 2L, EV 68.8 MPH)
Yankel Pensak to third
Batting: LHB Nick Swank 0-0: Ball
1-0: Ball
2-0: Called Strike
2-1: Fly out, F9 (Flyball, 9D, EV 95.6 MPH)
Batting: RHB Khalil Coleman 0-0: Ball
Wild Pitch!
Yankel Pensak scores
Gabe Higley to third
1-0: Called Strike
1-1: Swinging Strike
1-2: Ground out 6-3 (Groundball, 6, EV 104.4 MPH)
Top of the 8th over - 1 run, 1 hit, 1 error, 1 left on base; Connecticut 1 - Vancouver 8
BOTTOM OF THE 8TH
Vancouver Canadians batting - Pitching for Connecticut Tigers : RHP Juan Murillo
Now at 2B: Yankel Pensak
Now at SS: Gabe Higley
Batting: RHB Norm Mercer 0-0: Ball
1-0: Ball
2-0: Foul Ball, location: 2F
2-1: Foul Ball, location: 2F
2-2: Ball
3-2: Foul Ball, location: 2F
3-2: Foul Ball, location: 2F
3-2: Ground out 6-3 (Groundball, 6, EV 101.9 MPH)
Pitching: RHP Ramiro Silva
Batting: RHB Ricky Carbajal 0-0: Ball
1-0: Ball
2-0: SOLO HOME RUN (Flyball, 7D, EV 96.9 MPH), Distance : 379 ft
Pinch Hitting: RHB Bruce Ayotte 0-0: Foul Ball, location: 2F
0-1: Swinging Strike
0-2: Foul Ball, location: 2F
0-2: Strikes out swinging
Batting: RHB Luis Vargas 0-0: Ball
1-0: Ground out 1-3 (Groundball, 13S, EV 70.6 MPH)
Bottom of the 8th over - 1 run, 1 hit, 0 errors, 0 left on base; Connecticut 1 - Vancouver 9
TOP OF THE 9TH
Connecticut Tigers batting - Pitching for Vancouver Canadians : RHP Manny Solis
Now in LF: Bruce Ayotte
Batting: RHB Jeremiah Washington 0-0: Fly out, F5 (Line Drive, 5, EV 70.0 MPH)
Batting: RHB Billy Verdusco 0-0: Called Strike
0-1: Ball
1-1: Ball
2-1: Foul Ball, location: 2F
2-2: Strikes out swinging
Batting: RHB Janne Vihko 0-0: Called Strike
0-1: Ball
1-1: Ball
2-1: Ground out 5-3 (Groundball, 56S, EV 70.6 MPH)
Top of the 9th over - 0 runs, 0 hits, 0 errors, 0 left on base; Connecticut 1 - Vancouver 9
Tuesday, March 28th , 2023 - OOTP Baseball 23.10 Build 110